 Dungeon Crawl Stone Soup version 0.30-a0-365-ge7f957f1db (webtiles) character file.

Game seed: 16017823301784665169

2 mopl the Caller (level 1, -1/10 HPs)
             Began as a Tengu Summoner on Nov 16, 2022.
             Slain by a jackal (2 damage)
             ... on level 1 of the Dungeon.
             The game lasted 00:00:20 (21 turns).

mopl the Caller (Tengu Summoner)                      Turns: 21, Time: 00:00:21

Health: -1/10      AC:  2    Str:  8    XL:     1   Next: 40%
Magic:  1/4        EV: 12    Int: 15    God:
Gold:   0          SH:  0    Dex: 14    Spells: 4/4 levels left

rFire   . . .      SeeInvis .    (no weapon)
rCold   . . .      Faith    .    (no shield)
rNeg    . . .      Spirit   .    a - +0 robe
rPois   .          Reflect  .    (helmet restricted)
rElec   .          Harm     .    (no cloak)
rCorr   .          Rampage  .    (no gloves)
Will    .....                    (boots unavailable)
Stlth   ++........               (no amulet)
HPRegen 0.21/turn                (no ring)
MPRegen 0.09/turn                (no ring)

@: no status effects
A: beak, talons 3
a: no special abilities


You were on level 1 of the Dungeon.
You visited 1 branch of the dungeon, and saw 1 of its levels.

Inventory:

Armour
 a - a +0 robe (worn)
Potions
 b - a potion of magic


   Skills:
 - Level 2.1 Dodging
 - Level 2.0 Stealth
 + Level 2.1 Spellcasting
 + Level 4.9 Summonings


You had 4 spell levels left.
You didn't know any spells.
Your spell library contained the following spells:

 Spells                   Type           Power      Damage    Failure   Level
 Summon Small Mammal      Summ           64%        N/A       3%          1
 Call Imp                 Summ           16%        N/A       4%          2
 Call Canine Familiar     Summ           16%        N/A       9%          3
 Summon Guardian Golem    Hex/Summ       8%         N/A       24%         3
 Summon Lightning Spire   Summ/Air       8%         N/A       63%         4


Dungeon Overview and Level Annotations

Branches:
Dungeon (1/15)

Altars:


Innate Abilities, Weirdness & Mutations

You have a beak for a mouth.
You have claws for feet.


Message History

Your quokka closely misses the jackal.
The jackal closely misses you. The jackal barely misses you.
The jackal closely misses your quokka.
You barely miss the jackal. You punch the jackal, but do no damage.
The jackal is almost dead.
Your quokka barely misses the jackal.
Your quokka closely misses the jackal.
The jackal bites you.
* * * LOW HITPOINT WARNING * * *
The jackal barely misses you. The jackal barely misses your quokka.
Your quokka bites the jackal.
Your magical contamination has completely faded away.
As you read the scroll labelled NUTAAW JIMYS, it crumbles to dust.
It is a scroll of amnesia.
Forget Summon Small Mammal, freeing 1 spell level for a total of 4?
Your memory of Summon Small Mammal unravels.
Your quokka closely misses the jackal.
The jackal misses you. The jackal closely misses you.
The jackal closely misses your quokka.
Your quokka completely misses the jackal.
Your quokka bites the jackal.
The jackal dies!
Unknown command.
Unknown command.
You barely miss the jackal. You peck the jackal.
The jackal is heavily wounded.
The jackal bites your quokka but does no damage.
The jackal barely misses you.
Your quokka misses the jackal.
Your quokka bites the jackal.
The jackal dies!
The jackal closely misses you.
You hit the jackal but do no damage. Your kick misses the jackal.
The jackal is heavily wounded.
The jackal closely misses you.
Your quokka misses the jackal. You barely miss the jackal.
The jackal is heavily wounded.
The jackal bites you.
* * * LOW HITPOINT WARNING * * *
Your quokka bites the jackal but does no damage.
Your quokka bites the jackal.
The jackal bites you.
* * * LOW HITPOINT WARNING * * *
The jackal attacks as you move away! The jackal bites you.
You die...

###########
#.........#
#...###..h###
#.<.#รท#.@rr.#
#...###...#....#
#.........#
##..#
########### #


You could see a jackal (ally target) and 2 friendly quokkas.

Vanquished Creatures (collateral kills)
  2 jackals (D:1)
2 creatures vanquished.

Notes
Turn   | Place    | Note
-------+----------+-------------------------------------------
     0 | D:1      | mopl the Tengu Summoner began the quest for the Orb.
     0 | D:1      | Reached XP level 1. HP: 10/10 MP: 4/4
    21 | D:1      | Slain by a jackal

Illustrated notes

Levels and vault maps discovered:
D:1:      nicolae_arrival_memento_mori, layout_loops_cross,
          shapermc_ecumenical_altar_mp_vishouse, roderic_lattice_a,
          minmay_tetromino_l2

Action                   || total
-------------------------++-------
Melee: Unarmed           ||     6
       Peck              ||     2
       Punch             ||     1
 Cast: Summon Small Mamm ||     2
  Use: Scroll            ||     1
Dodge: Dodged            ||    14

Table legend: (Time is in decaauts)
 A = Elapsed time spent in this place.
 B = Non-inter-level travel time spent in this place.
 C = Inter-level travel time spent in this place.
 D = Time resting spent in this place.
 E = Time spent auto-exploring this place.
 F = Levels seen in this place.
 G = Mean time per level.
                   A        B        C        D        E       F      G
               +--------+--------+--------+--------+--------+-----+--------+
         Total |     21 |     21 |      0 |      0 |      8 |   1 |   21.0 |
       Dungeon |     21 |     21 |      0 |      0 |      8 |   1 |   21.0 |
               +--------+--------+--------+--------+--------+-----+--------+

Top non-repeatable levels by time:
     D:1: 21 daAuts
